 Dungeon Crawl Stone Soup version 0.22-a0-93-g6b88ebb (webtiles) character file.

149 KristoblXynda the Ruffian (level 5, 0/46 HPs)
             Began as a Draconian Monk on Jan 24, 2018.
             Succumbed to a worker ant's poison
             ... on level 4 of the Dungeon.
             The game lasted 00:04:05 (2089 turns).

KristoblXynda the Ruffian (Draconian Monk)          Turns: 2089, Time: 00:04:06

Health: 0/46       AC:  7    Str: 14    XL:     5   Next: 9%
Magic:  5/5        EV: 13    Int: 11    God:
Gold:   178        SH:  0    Dex: 13    Spells: 4/4 levels left

rFire    . . .     SeeInvis .     - Unarmed
rCold    . . .     Gourm    .   (no shield)
rNeg     . . .     Faith    .   (armour unavailable)
rPois    .         Spirit   .   (helmet restricted)
rElec    .         Reflect  .   (no cloak)
rCorr    .         Harm     .   b - +0 pair of gloves
MR       .....                  l - +0 pair of boots
Stlth    ++........             (no amulet)
HPRegen  0.15/turn              (no ring)
MPRegen  0.09/turn              (no ring)

@: lethally poisoned (0 -> -19), hasted, very quick
A: unfitting armour, cold-blooded, AC +5
a: no special abilities


You were on level 4 of the Dungeon.
You were not hungry.

You visited 1 branch of the dungeon, and saw 4 of its levels.

You collected 178 gold pieces.

Inventory:

Missiles
 m - 4 javelins of returning (quivered)
Armour
 b - a +0 pair of gloves (worn)
 l - a +0 pair of boots (worn)
Wands
 i - a wand of digging (17)
Scrolls
 c - a scroll of teleportation
 o - a scroll of blinking {unknown}
Potions
 d - 2 potions of cancellation
Comestibles
 a - 7 rations


   Skills:
 - Level 4.0 Fighting
 + Level 3.5 Dodging
 - Level 1.7 Stealth
 * Level 4.7 Unarmed Combat


You had 4 spell levels left.
You didn't know any spells.

Dungeon Overview and Level Annotations

Branches:
Dungeon (4/15)
 Temple: D:4-7

Altars:
Qazlal
Yredelemnul
Zin
The Shining One


Innate Abilities, Weirdness & Mutations

Your plain brown scales are hard. (AC +5)
You cannot fit into any form of body armour.
You are cold-blooded and may be slowed by cold attacks.


Message History

The worker ant is almost dead.
* * * LOW HITPOINT WARNING * * *
You feel sick. The worker ant bites you.
* * * LOW HITPOINT WARNING * * *
You are more poisoned.
The worker ant poisons you!
Okay, then.
You hit the worker ant.
You kill the worker ant!
You have reached level 5!
* * * LOW HITPOINT WARNING * * *
You feel sick.
It was a potion of haste.
You feel yourself speed up.
* * * LOW HITPOINT WARNING * * *
You feel sick. The hound bites you.
* * * LOW HITPOINT WARNING * * *
Unknown command.
You closely miss the hound.
The hound is severely wounded.
You die...

#.. .######.####
...........#
..$........#
#.........<#
#..........# #
#..........# ...
#..........####.....
..........hh@.......
#/..#.....#####.....
..$ ###.... ... ..
###..# # . ####


You could see a howler monkey and a hound.

Vanquished Creatures
  The ghost of wazuzu the Chopper, a weakling HOMo of Beogh (D:3)
  A worker ant (D:4)
  An adder (D:3)
  3 worms
  4 orcs (D:3)
  7 bats
  2 giant cockroaches
  3 goblins
  7 hobgoblins
  5 jackals (D:2)
  11 kobolds
  2 ball pythons (D:2)
  5 frilled lizards
  10 rats
62 creatures vanquished.

Notes
Turn   | Place    | Note
-------+----------+-------------------------------------------
     0 | D:1      | KristoblXynda the Draconian Monk began the quest for the Orb.
     0 | D:1      | Reached XP level 1. HP: 19/19 MP: 1/1
   335 | D:1      | Reached XP level 2. HP: 26/26 MP: 2/2
   722 | D:2      | Found a glowing silver altar of Zin.
   820 | D:2      | Found a stormy altar of Qazlal.
   921 | D:2      | Reached XP level 3. HP: 22/31 MP: 3/3
  1029 | D:2      | Found a glowing golden altar of the Shining One.
  1418 | D:3      | Noticed wazuzu's ghost (weakling HOMo)
  1568 | D:3      | Killed wazuzu's ghost
  1568 | D:3      | Reached XP level 4. HP: 39/40 MP: 4/4
  2004 | D:3      | Found a basalt altar of Yredelemnul.
  2087 | D:4      | Reached XP level 5. HP: 11/46 MP: 5/5
  2088 | D:4      | HP: 1/46 [hound (6)]
  2089 | D:4      | Succumbed to a worker ant's poison

Vault maps used:
D:1:      lightli_arrival_chessboard
D:2:      lemuel_round_altar, lemuel_doored_altar, lemuel_round_altar,
          serial_bayou_pond_c, nrook_loot_triangle
D:3:      marbit_many_paths, first_ration
D:4:      uniq_ijyb

Skill      XL: |  1  2  3 |
---------------+----------+-----
Dodging        | 3 |  3.5
Unarmed Combat | 4 |  4.7
Fighting       | 4 |  4.0
Stealth        | |  1.7

Action                   |  1- 3 |  4- 6 || total
-------------------------+-------+-------++-------
Melee: Unarmed           |   171 |    58 ||   229
       Tailslap          |    19 |     5 ||    24
       Punch             |     2 |     3 ||     5
Throw: Javelin           |     2 |       ||     2
  Use: Scroll            |     5 |     2 ||     7
       Potion            |     2 |     1 ||     3
 Stab: Sleeping          |     3 |       ||     3
  Eat: Chunk             |     2 |     2 ||     4
Armor: Skin              |    42 |    13 ||    55
Dodge: Dodged            |   143 |    29 ||   172

Table legend:
 A = Spawn XP
 B = Non-spawn XP
 C = Spawn XP percentage of total XP
 D = Spawn monster count
 E = Non-spawn monster count
 F = Spawn count percentage of total count
 G = Total turns spent on level
                    A         B        C        D         E        F      G
               +---------+---------+-------+---------+---------+-------+---------
         Total |       0 |     214 |   0.0 |       0 |      62 |   0.0 |  2089
               +---------+---------+-------+---------+---------+-------+---------
           D:1 |       0 |      21 |   0.0 |       0 |      15 |   0.0 |   701
           D:2 |       0 |      44 |   0.0 |       0 |      27 |   0.0 |   665
           D:3 |       0 |     116 |   0.0 |       0 |      19 |   0.0 |   697
           D:4 |       0 |      33 |   0.0 |       0 |       1 |   0.0 |    26
               +---------+---------+-------+---------+---------+-------+---------
